 Dungeon Crawl Stone Soup version 0.22-a0-782-g038298e (webtiles) character file.

2411 BaronVonScrub the Covered (level 9, -6/69 (71) HPs)
             Began as a Demonspawn Berserker on July 18, 2018.
             Was a Priest of Trog.
             Mangled by a two-headed ogre
             ... wielding a +0 giant club
              (13 damage)
             ... on level 7 of the Dungeon on July 19, 2018.
             The game lasted 01:08:16 (8751 turns).

BaronVonScrub the Covered (Demonspawn Berserker)    Turns: 8751, Time: 01:08:17

HP:   -6/69 (71)    AC: 10    Str: 20    XL:     9   Next: 23%
MP:   0/9           EV: 11    Int: 10    God:    Trog [***...]
Gold: 349           SH:  0    Dex: 12    Spells: 8/8 levels left

rFire    + + +     SeeInvis .   a - +0 hand axe
rCold    + . .     Gourm    +   (no shield)
rNeg     . . .     Faith    .   h - +1 scale mail {rF+}
rPois    .         Spirit   +   (helmet restricted)
rElec    .         Reflect  .   o - scarf {rC+ rF+}
rCorr    .         Harm     .   (no gloves)
MR       .....                  n - +0 pair of boots
Stlth    ..........             d - amulet of the gourmand
HPRegen  0.21/turn              i - ring of protection from fire
MPRegen  0.11/turn              (no ring)

@: no status effects
A: antennae 1, claws 1, hooves 1, demonic guardian 1, magic shield
a: Berserk, Trog's Hand, Renounce Religion


You were on level 7 of the Dungeon.
You worshipped Trog.
Trog was most pleased with you.
You were very full.

You visited 1 branch of the dungeon, and saw 7 of its levels.

You collected 349 gold pieces.

Inventory:

Hand Weapons
 a - a +0 hand axe (weapon)
 f - a +0 scythe
 q - a +0 arbalest
Armour
 b - a +1 animal skin
 h - a +1 scale mail of fire resistance (worn)
 n - a +0 pair of boots (worn)
 o - a scarf of resistance (worn)
Jewellery
 d - an amulet of the gourmand (around neck)
 i - a ring of protection from fire (left claw)
Wands
 l - a wand of acid (9)
Scrolls
 j - 8 scrolls of identify
 k - 2 scrolls of blinking
 m - a scroll of teleportation
 t - a scroll of magic mapping
Potions
 e - a potion of cancellation
 g - 2 potions of curing
 p - 2 potions of brilliance {unknown}
 r - a potion of magic
Comestibles
 c - 6 rations
 s - a chunk of flesh


   Skills:
 + Level 6.8 Fighting
 - Level 6.2 Axes
 * Level 7.5 Armour
 - Level 4.0 Dodging
 - Level 0.1 Stealth


You had 8 spell levels left.
You didn't know any spells.
Your spell library was empty.

Dungeon Overview and Level Annotations

Branches:
Dungeon (7/15)             Temple (0/1) D:6

Altars:
Cheibriados
Elyvilon
Gozag
Ru
Zin


Innate Abilities, Weirdness & Mutations

You have a pair of small antennae on your head.
You have sharp fingernails.
You have large cloven feet.
A weak demonic guardian rushes to your aid.
When hurt, damage is shared between your health and your magic reserves.


Message History

The two-headed ogre hits you with a giant club!
You see here a ring mail.
The two-headed ogre closely misses you.
The two-headed ogre hits you with a giant club!!
* * * LOW HITPOINT WARNING * * *
Your white imp barely misses the two-headed ogre.
Your white imp hits the two-headed ogre but does no damage.
Your white imp gestures at the two-headed ogre.
The puff of frost hits the two-headed ogre.
You see here a flail.
A hippogriff comes into view.
Things that are here:
a dagger; a robe; an orc skeleton Your white imp gestures at the two-headed ogre.
The puff of frost hits the hippogriff.
Your white imp disappears in a puff of smoke!
The two-headed ogre hits you with a giant club!
* * * LOW HITPOINT WARNING * * *
The two-headed ogre hits you with a giant club!
You die...

## .... .#.
#..#######.# #..#..
..#.# #..#.# #.#.#
#)...###.#.# #
#....@<#.#.# ..#
#...O###.#.# #...#
#..H.)...#.###
#...##...........#
. #..ยง###)####.#.#
...###..H.))....#
.....###..)..####
.......5##...####.#
.....###..........#


You could see a two-headed ogre and a hippogriff.

Vanquished Creatures
  2 yaks (D:6)
  Sigmund (D:3)
  Edmund (D:6)
  A black bear (D:6)
  An ice beast (D:7)
  2 phantoms
  3 scorpions (D:6)
  3 wights (D:6)
  2 crimson imps (D:5)
  2 centaur zombies (D:5)
  A bullfrog zombie (D:7)
  A jelly (D:5)
  6 orc wizards
  5 orc priests
  2 bullfrog skeletons
  Terence (D:3)
  2 worker ants
  A hound zombie (D:5)
  A worker ant zombie (D:6)
  8 adders
  3 gnolls (D:3)
  3 shadow imps
  3 oozes
  An adder skeleton (D:4)
  7 worms
  2 dart slugs
  5 leopard geckos
  29 orcs
  5 giant cockroaches
  5 goblins
  16 hobgoblins
  2 quokkas
  A ball python (D:2)
  6 bats
  A kobold (D:1)
  A kobold zombie (D:5)
  An orc zombie (D:5)
  2 quokka zombies (D:5)
  2 rats
141 creatures vanquished.

Vanquished Creatures (collateral kills)
  A water moccasin (D:5)
  2 ice beasts (D:6)
  2 ogres
  A necrophage (D:6)
  Blork the orc (D:4)
  An orc (D:4)
8 creatures vanquished.

Grand Total: 149 creatures vanquished

Notes
Turn   | Place    | Note
-------+----------+-------------------------------------------
     0 | D:1      | BaronVonScrub the Demonspawn Berserker began the quest for the Orb.
     0 | D:1      | Reached XP level 1. HP: 18/18 MP: 1/1
   592 | D:1      | Gained mutation: When hurt, damage is shared between your health and your magic reserves. [demonic ancestry]
   592 | D:1      | Reached XP level 2. HP: 19/24 MP: 2/2
  1847 | D:2      | Found a sacrificial altar of Ru.
  2007 | D:2      | Found a white marble altar of Elyvilon.
  2017 | D:2      | Gained mutation: You have large cloven feet. [demonic ancestry]
  2017 | D:2      | Reached XP level 3. HP: 27/29 MP: 3/3
  2314 | D:2      | Found an opulent altar of Gozag.
  2750 | D:3      | Reached ** piety under Trog
  3091 | D:3      | Noticed Sigmund
  3099 | D:3      | Reached XP level 4. HP: 37/37 MP: 4/4
  3106 | D:3      | Noticed Terence
  3441 | D:3      | Killed Terence
  3441 | D:3      | Gained mutation: A weak demonic guardian rushes to your aid. [demonic ancestry]
  3441 | D:3      | Reached XP level 5. HP: 42/42 MP: 5/5
  4033 | D:3      | Killed Sigmund
  4033 | D:3      | Reached skill level 5 in Axes
  4033 | D:3      | Reached XP level 6. HP: 48/48 MP: 6/6
  4288 | D:4      | Noticed Blork the orc
  4296 | D:4      | Killed Blork the orc
  4347 | D:4      | Reached XP level 7. HP: 44/55 MP: 7/7
  5116 | D:5      | Entered Level 5 of the Dungeon
  5216 | D:5      | Reached skill level 2 in Armour
  5274 | D:5      | Reached skill level 5 in Fighting
  5592 | D:5      | Reached skill level 3 in Armour
  5637 | D:5      | Gained mutation: You have a pair of small antennae on your head. [demonic ancestry]
  5637 | D:5      | Reached XP level 8. HP: 38/62 MP: 5/8
  5712 | D:5      | Reached skill level 4 in Armour
  5767 | D:5      | Upgraded the game from 0.22-a0-779-g6f83d72 to 0.22-a0-782-g038298e
  5839 | D:5      | Reached *** piety under Trog
  6809 | D:6      | Noticed Edmund
  6811 | D:6      | Found a snail-covered altar of Cheibriados.
  6818 | D:6      | Killed Edmund
  6818 | D:6      | Reached skill level 5 in Armour
  7538 | D:6      | Reached skill level 6 in Armour
  7567 | D:6      | Gained mutation: You have sharp fingernails. [demonic ancestry]
  7567 | D:6      | Reached XP level 9. HP: 42/71 MP: 6/9
  8007 | D:6      | Found a staircase to the Ecumenical Temple.
  8021 | D:6      | Reached skill level 7 in Armour
  8486 | D:6      | Found a glowing silver altar of Zin.
  8487 | D:6      | Noticed an angel
  8715 | D:7      | Noticed a two-headed ogre
  8751 | D:7      | Mangled by a two-headed ogre

Vault maps used:
D:1:      minmay_arrival_checkered_box
D:2:      nicolae_overflow_crystal_walls, grunt_gozag_statues, first_ration,
          elyvilon_altar_5
D:3:      st_stairs_9, uniq_sigmund, uniq_terence
D:4:      uniq_blork_the_orc
D:5:      nicolae_ossuary_entry_giza
D:6:      cheibriados_altar_1, zin_angel, minmay_temple_entry_statues_pillars,
          kennysheep_small_spiral, uniq_edmund
D:7:      minmay_the_grid_four_pointed_star, grunt_temple_overflow_open,
          serial_shops, shop, nicolae_shop_trees, nicolae_shop_stone,
          minmay_fountain_box, uniq_joseph, uniq_duvessa

Skill      XL: |  1  2  3  4  5  6  7  8  9 |
---------------+----------------------------+-----
Dodging        | 2 3 4 |  4.0
Axes           | 3 4 5 6 |  6.2
Fighting       | 4 5 6 |  6.8
Armour         | 3 6 7 |  7.5
Stealth        | |  0.1

Action                   |  1- 3 |  4- 6 |  7- 9 || total
-------------------------+-------+-------+-------++-------
Melee: Hand axe          |   136 |    91 |   467 ||   694
       Kick              |    10 |    29 |       ||    39
Invok: Berserk           |     6 |     7 |     8 ||    21
       Trog's Hand       |     1 |     5 |    10 ||    16
  Use: Scroll            |     6 |     1 |     3 ||    10
       Potion            |     6 |     1 |       ||     7
 Stab: Distracted        |       |       |     1 ||     1
  Eat: Chunk             |     7 |    16 |    25 ||    48
       Ration            |     2 |     1 |       ||     3
Armor: Animal skin       |    20 |       |       ||    20
       Scale mail        |    10 |    30 |   168 ||   208
Dodge: Dodged            |    89 |    47 |   255 ||   391

Table legend:
 A = Spawn XP
 B = Non-spawn XP
 C = Spawn XP percentage of total XP
 D = Spawn monster count
 E = Non-spawn monster count
 F = Spawn count percentage of total count
 G = Total turns spent on level
                    A         B        C        D         E        F      G
               +---------+---------+-------+---------+---------+-------+---------
         Total |       0 |    3445 |   0.0 |       0 |     149 |   0.0 |  8751
               +---------+---------+-------+---------+---------+-------+---------
           D:1 |       0 |      28 |   0.0 |       0 |      12 |   0.0 |  1342
           D:2 |       0 |      46 |   0.0 |       0 |      13 |   0.0 |  1491
           D:3 |       0 |     426 |   0.0 |       0 |      32 |   0.0 |  1232
           D:4 |       0 |     534 |   0.0 |       0 |      31 |   0.0 |  1051
           D:5 |       0 |     679 |   0.0 |       0 |      27 |   0.0 |  1307
           D:6 |       0 |    1460 |   0.0 |       0 |      24 |   0.0 |  2103
           D:7 |       0 |     272 |   0.0 |       0 |      10 |   0.0 |   225
               +---------+---------+-------+---------+---------+-------+---------
